AoeStats
← dashuaibi

Arena

509840121Analyzed
4v4 RM · 4d ago on Sep 28, 2026· 49m 8s· 8 players
Game mode
Random Map
Map size
Large (8 player)
Population
200
Speed
Normal
Resources
Standard
Victory
Conquest
Starting age
Dark Age
Ending age
Imperial Age
RankedLock teamsTeams togetherTeam positionsShared explorationLock speedFull tech treeHidden civsTurbo modeCheats
Victory
Defeat
🇨🇳 Goths · China
1394
+14
🇨🇳 Hindustanis · China
1370
+15
🇨🇳 Huns · China
1253
+20
🇨🇳 Spanish · China
1226
+22
🇨🇳 Slavs · China
1396
-19
🇭🇰 Franks · Hong Kong SAR China
1369
-19
🇬🇧 Vikings · United Kingdom
1335
-17
🇷🇺 Danes · Russia
1295
-16
a.l.a.n.t
10:26 Feudal Age
12:04 Double-Bit Axe
14:56 Castle Age
14:53 Fletching
17:09 Bow Saw
17:40 Bodkin Arrow
19:27 Horse Collar
24:08 Heavy Plow
25:33 Padded Archer Armor
27:35 Leather Archer Armor
27:58 Ballistics
30:21 Imperial Age
27:51 Gold Mining
28:22 Crossbowman
29:13 Squires
28:59 Arson
29:19 Scale Mail Armor
31:10 Bracer
30:36 Arbalester
32:53 Chemistry
32:31 Conscription
33:00 Bogsveigar
32:46 Loom
33:39 Siege Engineers
35:17 Chieftains
36:11 Ring Archer Armor
35:57 Chain Mail Armor
36:30 Forging
36:48 Elite Varangian Guard
40:44 Plate Mail Armor
Ged Opi
10:10 Feudal Age
10:55 Double-Bit Axe
13:06 Loom
16:25 Castle Age
14:35 Horse Collar
17:16 Bow Saw
17:11 Heavy Plow
18:58 Forging
18:49 Scale Mail Armor
20:18 Wheelbarrow
21:21 Iron Casting
21:39 Arson
22:49 Fletching
23:58 Bodkin Arrow
23:57 Gambesons
24:25 Squires
25:08 Chain Mail Armor
29:47 Hand Cart
29:34 Gold Mining
31:14 Gold Shaft Mining
34:35 Imperial Age
31:58 Gambesons
32:55 Ballistics
32:36 Hamask
34:53 Capped Ram
36:16 Siege Ram
37:23 Conscription
红白EX
10:53 Feudal Age
11:08 Feudal Age
15:16 Castle Age
14:56 Wheelbarrow
15:10 Double-Bit Axe
16:23 Bow Saw
22:05 Loom
28:30 Imperial Age
26:20 Hand Cart
26:34 Scale Barding Armor
26:39 Forging
26:25 Gold Mining
27:26 Husbandry
28:32 Gold Shaft Mining
28:49 Chain Barding Armor
29:05 Iron Casting
29:34 Conscription
28:43 Cavalier
30:53 Plate Barding Armor
30:14 Paladin
33:16 Blast Furnace
32:53 Chivalry
dashuaibi
10:47 Feudal Age
14:59 Castle Age
13:02 Double-Bit Axe
13:13 Horse Collar
16:49 Bow Saw
22:17 Heavy Plow
22:55 Stone Mining
22:58 Gold Mining
24:15 Wheelbarrow
23:28 Loom
24:46 Gold Shaft Mining
28:07 Imperial Age
26:00 Scale Mail Armor
26:33 Hand Cart
26:04 Town Watch
26:54 Forging
27:00 Squires
26:21 Man-at-Arms
27:20 Chain Mail Armor
27:31 Detinets
27:21 Long Swordsman
29:10 Iron Casting
28:52 Masonry
28:33 Two-Handed Swordsman
29:49 Plate Mail Armor
29:30 Champion
29:49 Pikeman
31:58 Chemistry
30:37 Halberdier
31:42 Conscription
33:08 Blast Furnace
31:59 Fletching
33:35 Druzhina
35:12 Bodkin Arrow
36:53 Two-Man Saw
36:29 Crop Rotation
36:41 Hoardings
40:26 Fortified Wall
送你一个极瘪
9:47 Feudal Age
13:47 Castle Age
11:59 Double-Bit Axe
15:24 Bow Saw
16:35 Loom
23:05 Wheelbarrow
27:39 Imperial Age
26:38 Horse Collar
27:24 Scale Barding Armor
27:35 Forging
27:40 Gold Mining
27:45 Elite Tarkan
28:47 Conscription
28:16 Town Watch
29:20 Chain Barding Armor
29:42 Iron Casting
30:30 Two-Man Saw
30:09 Marauders
31:16 Plate Barding Armor
31:42 Blast Furnace
31:03 Husbandry
31:14 Bloodlines
31:49 Heavy Plow
33:41 Gold Shaft Mining
33:26 Cavalier
34:29 Paladin
37:58 Stone Mining
38:37 Light Cavalry
40:00 Hand Cart
39:19 Hussar
41:28 Fletching
43:40 Heavy Cavalry Archer
44:46 Parthian Tactics
44:38 Bodkin Arrow
45:57 Bracer
46:22 Ballistics
47:15 Chemistry
48:08 Padded Archer Armor
48:17 Thumb Ring
乐邦
9:53 Feudal Age
13:42 Castle Age
11:56 Double-Bit Axe
12:25 Horse Collar
15:20 Bow Saw
19:08 Wheelbarrow
23:24 Loom
26:37 Imperial Age
24:55 Scale Mail Armor
25:02 Scale Barding Armor
25:07 Forging
26:33 Bloodlines
26:24 Husbandry
26:46 Chain Barding Armor
26:18 Gold Mining
26:55 Hand Cart
27:43 Iron Casting
27:50 Gold Shaft Mining
28:07 Grand Trunk Road
28:28 Conscription
29:28 Two-Man Saw
28:29 Heavy Camel Rider
30:18 Plate Barding Armor
29:55 Town Watch
30:54 Imperial Camel Rider
32:49 Blast Furnace
33:57 Chemistry
33:03 Siege Engineers
33:41 Fletching
33:51 Padded Archer Armor
34:54 Thumb Ring
35:28 Shatagni
35:28 Stone Mining
35:55 Bodkin Arrow
36:15 Leather Archer Armor
37:39 Stone Shaft Mining
37:19 Bracer
39:23 Ballistics
39:14 Masonry
39:36 Ring Archer Armor
40:25 Town Patrol
41:26 Scale Mail Armor
40:50 Elite Ghulam
41:41 Squires
41:26 Arson
46:29 Guard Tower
46:34 Murder Holes
46:57 Fortified Wall
唐火火
11:02 Feudal Age
14:57 Castle Age
13:07 Double-Bit Axe
13:36 Horse Collar
16:02 Loom
16:55 Wheelbarrow
20:05 Loom
21:51 Bow Saw
22:10 Gold Mining
23:40 Heavy Plow
25:42 Stone Mining
28:43 Imperial Age
26:37 Scale Mail Armor
26:47 Forging
27:44 Chain Mail Armor
28:29 Scale Barding Armor
29:02 Iron Casting
27:58 Man-at-Arms
28:39 Squires
28:34 Long Swordsman
30:09 Hand Cart
30:32 Stone Shaft Mining
31:04 Two-Man Saw
29:33 Two-Handed Swordsman
31:19 Blast Furnace
30:55 Crop Rotation
30:22 Champion
31:02 Fletching
30:46 Pikeman
32:02 Conscription
31:44 Perfusion
31:26 Halberdier
35:01 Town Watch
35:07 Capped Ram
36:07 Town Patrol
38:15 Chemistry
40:41 Ballistics
42:10 Conscription
41:51 Perfusion
46:50 Elite Huskarl
47:32 Anarchy
47:45 Masonry
47:15 Treadmill Crane
47:28 Fletching
47:38 Padded Archer Armor
88老玩家回归
10:26 Feudal Age
15:00 Castle Age
13:12 Double-Bit Axe
14:33 Horse Collar
20:58 Wheelbarrow
21:40 Padded Archer Armor
21:31 Fletching
21:52 Gold Mining
23:08 Stone Mining
26:43 Bow Saw
27:20 Leather Archer Armor
29:23 Heavy Plow
36:34 Imperial Age
35:24 Stone Shaft Mining
36:13 Hand Cart
39:51 Bodkin Arrow
40:27 Ring Archer Armor
40:32 Conscription
41:43 Elite Conquistador
Connection lost

Rejoining the realm…

Still unreachable

The connection could not be restored.

Session expired

The server has moved on; the page needs a fresh start.